AoeStats
← Podocytoma

Black Forest

510374705Analyzed
2v2 RM · 1d ago on Sep 30, 2026· 81m 37s· 4 players
Game mode
Random Map
Map size
Medium (4 player)
Population
200
Speed
Normal
Resources
Standard
Victory
Conquest
Starting age
Dark Age
Ending age
Imperial Age
RankedLock teamsTeams togetherTeam positionsShared explorationLock speedFull tech treeHidden civsTurbo modeCheats
Victory
Defeat
🇬🇧 Ethiopians · United Kingdom
740
+14
🇬🇧 Romans · United Kingdom
721
+15
🇳🇱 Teutons · Netherlands
714
-15
🇳🇱 Huns · Netherlands
677
-17
pedram_gm
8:04 Loom
14:21 Feudal Age
14:47 Feudal Age
18:42 Double-Bit Axe
21:08 Castle Age
19:20 Town Watch
19:43 Man-at-Arms
21:34 Long Swordsman
25:17 Wheelbarrow
25:33 Bow Saw
25:18 Gold Mining
26:45 Bloodlines
28:22 Husbandry
35:40 Thumb Ring
36:39 Fletching
36:51 Padded Archer Armor
36:58 Scale Barding Armor
42:37 Imperial Age
42:15 Light Cavalry
42:55 Bodkin Arrow
43:16 Leather Archer Armor
43:23 Chain Barding Armor
43:15 Forging
43:27 Ballistics
44:18 Heavy Cavalry Archer
45:13 Bracer
46:16 Plate Barding Armor
46:57 Chemistry
46:47 Parthian Tactics
46:15 Cavalier
46:34 Hussar
46:48 Crossbowman
49:44 Hand Cart
49:31 Town Patrol
hasse.bie
5:48 Loom
13:22 Feudal Age
18:09 Castle Age
20:19 Horse Collar
20:26 Double-Bit Axe
20:21 Man-at-Arms
20:49 Arson
22:39 Long Swordsman
25:52 Fletching
26:13 Forging
26:03 Scale Mail Armor
27:33 Bow Saw
27:26 Heavy Plow
29:33 Guard Tower
30:04 Ballistics
29:58 Squires
29:19 Pikeman
32:23 Fortified Wall
37:14 Imperial Age
34:29 Town Watch
35:20 Wheelbarrow
37:30 Gambesons
37:58 Bloodlines
38:28 Iron Casting
38:09 Chain Mail Armor
37:59 Scale Barding Armor
37:51 Bodkin Arrow
37:56 Padded Archer Armor
38:03 Arrowslits
39:18 Chemistry
38:54 Keep
38:48 Crenellations
38:55 Conscription
38:08 Two-Handed Swordsman
39:02 Arrowslits
40:21 Crop Rotation
40:55 Two-Man Saw
39:17 Capped Ram
40:13 Caravan
39:50 Halberdier
40:49 Champion
42:19 Siege Engineers
44:49 Hoardings
45:13 Town Patrol
45:28 Hand Cart
45:00 Cavalier
46:51 Blast Furnace
46:21 Plate Mail Armor
46:12 Chain Barding Armor
46:08 Leather Archer Armor
46:23 Bombard Tower
45:52 Paladin
53:40 Onager
53:40 Heavy Scorpion
59:52 Elite Skirmisher
67:50 Siege Onager
Arun
1:25 Loom
16:13 Feudal Age
17:46 Fishing Lines
21:14 Castle Age
20:33 Horse Collar
20:41 Double-Bit Axe
22:09 Wheelbarrow
22:36 Bow Saw
22:29 Heavy Plow
23:44 Stone Mining
23:47 Gold Mining
24:26 Gillnets
25:43 Hand Cart
25:13 Town Watch
26:24 Town Patrol
34:18 Scale Mail Armor
34:29 Forging
34:25 Scale Barding Armor
34:11 Fletching
34:43 Ballistics
36:56 Imperial Age
36:47 Caravan
37:02 Elite Shotel Warrior
38:02 Conscription
37:18 Onager
37:24 Crossbowman
38:09 Thumb Ring
38:46 Gold Shaft Mining
38:47 Stone Shaft Mining
38:14 Padded Archer Armor
38:09 Bodkin Arrow
38:50 Iron Casting
38:30 Chain Mail Armor
38:36 Chain Barding Armor
39:19 Chemistry
38:30 Fortified Wall
38:15 Murder Holes
38:31 Masonry
38:43 Guilds
39:46 Leather Archer Armor
39:31 Bracer
41:21 Royal Heirs
41:21 Torsion Engines
42:26 Halberdier
43:06 Squires
42:27 Man-at-Arms
42:53 Arson
42:45 Siege Onager
44:31 Blast Furnace
43:18 Elite Skirmisher
43:19 Arbalester
44:31 Plate Mail Armor
44:04 Heavy Cavalry Archer
44:08 Long Swordsman
45:58 Ring Archer Armor
47:33 Capped Ram
50:46 Coinage
62:20 Banking
63:08 Sappers
64:14 Architecture
63:50 Siege Engineers
74:09 Light Cavalry
74:50 Husbandry
80:20 Cavalier
80:21 Heavy Camel Rider
80:22 Hussar
Podocytoma
1:24 Loom
16:20 Feudal Age
20:28 Castle Age
19:04 Man-at-Arms
32:19 Fortified Wall
32:32 Ballistics
33:22 Fishing Lines
38:01 Imperial Age
35:50 Gold Mining
36:59 Gillnets
38:49 Gold Shaft Mining
41:26 Conscription
41:14 Ballistas
43:51 Bloodlines
43:03 Cavalier
43:43 Husbandry
45:03 Scale Barding Armor
45:08 Forging
46:25 Siege Engineers
48:14 Chain Barding Armor
48:29 Iron Casting
49:43 Heavy Scorpion
53:16 Scale Mail Armor
54:17 Blast Furnace
53:52 Plate Barding Armor
53:08 Fletching
53:18 Padded Archer Armor
53:58 Murder Holes
59:53 Leather Archer Armor
59:33 Bodkin Arrow
59:49 Pikeman
60:30 Squires
61:58 Ring Archer Armor
62:26 Halberdier
73:50 Chain Mail Armor
Connection lost

Rejoining the realm…

Still unreachable

The connection could not be restored.

Session expired

The server has moved on; the page needs a fresh start.